 Dungeon Crawl Stone Soup version 0.23-a0-625-g1d2cd9b (webtiles) character file.

758 Leeroy the Slasher (level 7, -1/54 HPs)
             Began as a Barachi Skald on Dec 25, 2018.
             Was a Follower of Okawaru.
             Slain by Menkaure (13 damage)
             ... on level 6 of the Dungeon.
             The game lasted 00:10:33 (2006 turns).

Leeroy the Slasher (Barachi Skald)                  Turns: 2006, Time: 00:10:34

Health: -1/54      AC:  9    Str: 15    XL:     7   Next: 80%
Magic:  4/10       EV: 11    Int: 15    God:    Okawaru [*.....]
Gold:   120        SH:  0    Dex: 11    Spells: 4/11 levels left

rFire    . . .     SeeInvis .   a - +0 falchion
rCold    . . .     Gourm    .   (no shield)
rNeg     . . .     Faith    .   A - +3 ring mail
rPois    +         Spirit   .   (no helmet)
rElec    .         Reflect  .   (no cloak)
rCorr    .         Harm     .   (no gloves)
MR       .....     Clarity  +   (no boots)
Stlth    +.........             (no amulet)
HPRegen  0.18/turn              w - +6 ring of slaying
MPRegen  0.12/turn              f - ring of poison resistance

@: very slightly contaminated, slow
A: +LOS, swims, rugged brown scales 1, blurry vision 1, clarity, slowness 1,
strong 1, strong legs 1
a: Hop, Heroism, Renounce Religion


You were on level 6 of the Dungeon.
You worshipped Okawaru.
Okawaru was aware of your devotion.
You were not hungry.

You visited 1 branch of the dungeon, and saw 5 of its levels.

You collected 120 gold pieces.

Inventory:

Hand Weapons
 a - a +0 falchion (weapon)
 j - a +0 dagger
 l - a +0 hunting sling
 o - a +0 short sword
 v - a +2 falchion of slicing
 D - a +0 hand axe of freezing
 F - a +0 war axe
 G - a +0 great sword
 H - a cursed -2 dire flail
Missiles
 h - 112 stones
 m - 49 sling bullets
 p - 6 steel tomahawks (quivered)
 E - 18 poisoned needles
Armour
 b - a +0 leather armour
 q - a +0 ring mail
 t - a +0 plate armour
 x - a +0 shield
 A - a +3 ring mail (worn)
Jewellery
 f - a ring of poison resistance (right hand)
 w - a +6 ring of slaying (left hand)
 I - a +1 ring of evasion {unknown}
Wands
 r - a wand of flame (10)
Scrolls
 g - 4 scrolls of remove curse {unknown}
 i - 2 scrolls of enchant armour {unknown}
 k - 2 scrolls of noise {unknown}
 n - a scroll of magic mapping {unknown}
 u - a scroll of enchant weapon {unknown}
 y - 3 scrolls of identify
 z - a scroll of teleportation {unknown}
 C - 2 scrolls of fear {unknown}
Potions
 c - a potion of degeneration {unknown}
 e - a potion of curing
 s - a potion of haste {unknown}
 B - a potion of mutation
Comestibles
 d - 5 rations
 J - 2 chunks of flesh


   Skills:
 + Level 3.8 Fighting
 * Level 7.6 Long Blades
 - Level 0.1 Throwing
 + Level 3.5 Armour
 - Level 3.0 Dodging
 - Level 2.5 Spellcasting
 * Level 2.6 Hexes
 - Level 4.0 Charms


You had 4 spell levels left.
You knew the following spells:

 Your Spells              Type           Power        Failure   Level  Hunger
a - Infusion              Chrm           ##..         8%          1    #......
b - Spectral Weapon       Hex/Chrm       ##......     30%         3    ###....
c - Regeneration          Chrm/Necr      #.........   45%         3    ###....

Your spell library contained the following spells:

 Spells                   Type           Power        Failure   Level  Hunger
 Song of Slaying          Chrm           ##......     12%         2    ###....
 Shroud of Golubria       Chrm/Tloc      #.........   26%         2    ###....


Dungeon Overview and Level Annotations

Branches:
Dungeon (6/15)
 Temple: D:4-7

Altars:
Okawaru
Vehumet

Annotations:
D:2 1 runed door
D:6 Menkaure


Innate Abilities, Weirdness & Mutations

Shadows flee at your approach. (+LOS)
You can swim through water.
You cover ground slowly.
You can hop short distances.
You are partially covered in rugged brown scales. (AC +1, +3% HP)
Scrolls take you a little longer to read.
You possess an exceptional clarity of mind.
Your muscles are strong. (Str +2)


Message History

Menkaure shouts!
Menkaure mumbles some strange words.
Menkaure seems to speed up.
Casting: Regeneration (slightly dangerous; 45% risk of failure)
Confirm with . or Enter, or press ? or * to list all spells.
You miscast Regeneration.
You are very lightly contaminated with residual magic.
You convulse helplessly as pain tears through your body!
Ouch! That really hurt!
Casting: Regeneration (slightly dangerous; 45% risk of failure)
Confirm with . or Enter, or press ? or * to list all spells.
You draw out your weapon's spirit!
You hit Menkaure.
Menkaure is lightly damaged.
Your spectral weapon hits Menkaure.
Menkaure hits you!
* * * LOW HITPOINT WARNING * * *
You feel better. Menkaure hits you.
* * * LOW HITPOINT WARNING * * *
Menkaure hits you!
You die...

## ##. ####### #..
#.....##### ## #..
#.........# #. #..
#.....###.####. #..
#.....# #.#.... #..
###.### #.#....
#######.######.#####.#....
.......(M@................
#######.############.#....
#. ..#.#.... .. #.#.#....
... #.#.####. ....
#.#..)... ..... ..
#.#.##### ...... #.
#.#...... ....... #.#
#.#......


You could see Menkaure and a friendly spectral +0 falchion.

Vanquished Creatures
  Sigmund (D:6)
  A sky beast (D:6)
  A wyvern zombie (D:6)
  4 wights (D:6)
  A hound (D:6)
  A centaur skeleton (D:6)
  4 orc wizards
  3 adders
  2 shadow imps (D:6)
  An ooze (D:1)
  A worm (D:2)
  A dart slug (D:1)
  A leopard gecko (D:3)
  7 orcs
  9 bats
  3 giant cockroaches
  5 goblins
  4 hobgoblins (D:2)
  3 jackals (D:6)
  2 quokkas (D:2)
  A frilled lizard (D:2)
  A kobold (D:2)
  7 rats
64 creatures vanquished.

Notes
Turn   | Place    | Note
-------+----------+-------------------------------------------
     0 | D:1      | Leeroy the Barachi Skald began the quest for the Orb.
     0 | D:1      | Reached XP level 1. HP: 17/17 MP: 3/3
   124 | D:1      | Reached XP level 2. HP: 8/23 MP: 5/5
   190 | D:1      | Gained mutation: Scrolls take you a little longer to read.
                  | [potion of mutation]
   190 | D:1      | Gained mutation: You are partially covered in rugged brown
                  | scales. (AC +1, +3% HP) [potion of mutation]
   190 | D:1      | Gained mutation: You possess an exceptional clarity of
                  | mind. [potion of mutation]
   190 | D:1      | Gained mutation: Your muscles are strong. (Str +2) [potion
                  | of mutation]
   515 | D:1      | Reached XP level 3. HP: 28/28 MP: 6/6
   827 | D:2      | Learned a level 3 spell: Spectral Weapon
   830 | D:2      | Found an iron altar of Okawaru.
   844 | D:2      | Became a worshipper of Warmaster Okawaru
   931 | D:2      | Reached skill level 3 in Long Blades
  1103 | D:2      | Reached XP level 4. HP: 33/35 MP: 7/7
  1340 | D:2      | Learned a level 3 spell: Regeneration
  1533 | D:2      | Found a runed door.
  1576 | D:3      | You fall through a shaft for 2 floors!
  1576 | D:5      | Entered Level 5 of the Dungeon
  1577 | D:5      | Noticed a phantom
  1587 | D:6      | Reached skill level 4 in Long Blades
  1592 | D:6      | Reached XP level 5. HP: 39/42 MP: 4/8
  1648 | D:6      | Reached skill level 5 in Long Blades
  1648 | D:6      | Reached XP level 6. HP: 21/48 MP: 4/9
  1653 | D:6      | Reached skill level 1 in Hexes
  1713 | D:6      | Noticed a sky beast
  1726 | D:6      | Killed a sky beast
  1726 | D:6      | Reached * piety under Okawaru
  1726 | D:6      | Reached skill level 6 in Long Blades
  1798 | D:6      | Found a radiant altar of Vehumet.
  1813 | D:6      | Reached XP level 7. HP: 33/53 MP: 10/10
  1830 | D:6      | Noticed Sigmund
  1852 | D:6      | Killed Sigmund
  1852 | D:6      | Reached skill level 7 in Long Blades
  2001 | D:6      | Noticed Menkaure
  2006 | D:6      | Slain by Menkaure

Vault maps used:
D:1:      psy_arrival_dodecagon, hangedman_decor_slide_cut,
          grunt_decor_mini_mirrors, amethyst_killhole
D:2:      lemuel_crystal_altar, minmay_misc_feat_rows, minmay_misc_feat_plants,
          hex_intersection, uniq_crazy_yiuf_cottage
D:3:      grunt_dithmenos_smoke_and_mirrors, kennysheep_generic_room_5
D:5:      minmay_temple_entry_sparse_star, first_ration, uniq_duvessa,
          uniq_grinder
D:6:      vehumet_altar_wand_db, uniq_menkaure, uniq_sigmund

Skill      XL: |  1  2  3  4  5  6  7 |
---------------+----------------------+-----
Long Blades    | 3 4 5 6 7 |  7.6
Armour         | 2 3 |  3.5
Fighting       | 3 |  3.8
Charms         | 4 |  4.0
Hexes          | 1 2 |  2.6
Dodging        | 3 |  3.0
Throwing       | |  0.1
Spellcasting   | |  2.5

Action                   |  1- 3 |  4- 6 |  7- 9 || total
-------------------------+-------+-------+-------++-------
Melee: Falchion          |    92 |    70 |    34 ||   196
Throw: Stone             |       |     1 |     2 ||     3
       Tomahawk          |       |       |     6 ||     6
 Cast: Infusion          |     1 |       |       ||     1
       Spectral Weapon   |       |     3 |     2 ||     5
       Regeneration      |       |       |     2 ||     2
  Use: Scroll            |     3 |       |       ||     3
       Potion            |     1 |     1 |     1 ||     3
 Stab: Sleeping          |     1 |       |       ||     1
  Eat: Chunk             |     1 |     4 |     1 ||     6
Armor: Leather armour    |    29 |       |       ||    29
       Ring mail         |    21 |    38 |    10 ||    69
Dodge: Dodged            |    77 |    55 |     5 ||   137
       Rpst.: Falchion   |    35 |    14 |     2 ||    51

Table legend:
 A = Non-vault XP
 B = Vault XP
 C = Vault XP percentage of total XP
 D = Non-vault monster count
 E = Vault monster count
 F = Vault count percentage of total count
                 A         B        C        D         E       F
            +---------+---------+-------+---------+---------+-------
      Total |     840 |     243 |  22.4 |      62 |       2 |   3.1
            +---------+---------+-------+---------+---------+-------
        D:1 |      34 |       0 |   0.0 |      16 |       0 |   0.0
        D:2 |      63 |       0 |   0.0 |      20 |       0 |   0.0
        D:3 |      56 |       0 |   0.0 |       6 |       0 |   0.0
        D:6 |     687 |     243 |  26.1 |      20 |       2 |   9.1
            +---------+---------+-------+---------+---------+-------
